 Dungeon Crawl Stone Soup version 0.30-a0-575-g6f4a10e2d2 (webtiles) character file.

Game seed: 10313683590816575983

235 M4edhros the Charlatan (level 6, -6/40 HPs)
             Began as an Octopode Artificer on Dec 30, 2022.
             Shot with an arrow by a centaur (8 damage)
             ... on level 6 of the Dungeon.
             The game lasted 00:02:02 (1101 turns).

M4edhros the Charlatan (Octopode Artificer)         Turns: 1101, Time: 00:02:03

Health: -6/40      AC:  1    Str: 11    XL:     6   Next: 5%
Magic:  6/6        EV: 14    Int: 14    God:
Gold:   53         SH:  0    Dex: 14    Spells: 5/5 levels left

rFire   . . .      SeeInvis .      - Unarmed
rCold   . . .      Faith    .    (no shield)
rNeg    . . .      Spirit   .    (helmet restricted)
rPois   .          Reflect  .    (no amulet)
rElec   .          Harm     .    (no ring)
rCorr   .          Rampage  .    (no ring)
Will    .....                    (no ring)
Stlth   +++                      (no ring)
HPRegen 0.26/turn                (no ring)
MPRegen 0.10/turn                (no ring)
                                 (no ring)
                                 (no ring)

@: no status effects
A: almost no armour, amphibious, 8 rings, camouflage 1, gelatinous body 1,
(nimble swimmer 1), tentacles
a: no special abilities


You were on level 6 of the Dungeon.
You visited 1 branch of the dungeon, and saw 6 of its levels.

You collected 53 gold pieces.

Inventory:

Wands
 b - a wand of flame (11) (quivered)
 c - a wand of charming (11)
 d - a wand of iceblast (4)
Scrolls
 a - 3 scrolls of identify {unknown}
 e - a scroll of teleportation {unknown}
 j - a scroll of magic mapping {unknown}
Potions
 f - a potion of haste {unknown}
 g - a potion of curing {unknown}
 h - a potion of might {unknown}
 i - 2 potions of attraction {unknown}


   Skills:
 + Level 2.3 Fighting
 + Level 3.2 Dodging
 + Level 3.5 Stealth
 * Level 3.1 Unarmed Combat
 + Level 4.1 Evocations


You had 5 spell levels left.
You didn't know any spells.
Your spell library contained the following spells:

 Spells                   Type           Power      Damage    Failure   Level
 Dazzling Flash           Conj/Hex       0%         N/A       65%         3
 Vhi's Electric Charge    Tloc/Air       0%         N/A       65%         3
 Iskenderun's Mystic Bla  Conj/Tloc      0%         2d3       96%         4
 Arcjolt                  Conj/Air       0%         1d10      100%        5
 Starburst                Conj/Fire      0%         6d3       100%        6
 Maxwell's Capacitive Co  Air            0%         ∞         100%        8


Dungeon Overview and Level Annotations

Branches:
Dungeon (6/15)
 Temple: D:4-7

Altars:
Dithmenos
Fedhas


Innate Abilities, Weirdness & Mutations

You cannot wear most types of armour.
You are amphibious.
You can wear up to eight rings at the same time.
Your skin changes colour to match your surroundings (Stealth+).
Your rubbery body absorbs attacks. (AC +1, EV +1)
((You are camouflaged when in or above water. (Stealth+)))
You have tentacles for arms and can constrict up to eight enemies at once.


Message History

No target in view!
a - 3 scrolls labelled DABORO SOYSK (gained 1)
A centaur comes into view.
No reachable target in view!
No reachable target in view!
No reachable target in view!
No reachable target in view!
No reachable target in view!
A centaur is nearby!
No reachable target in view!
No reachable target in view!
Found a blossoming altar of Fedhas.
The centaur shouts!
You hear a loud, deep croak!
The centaur wields a +0 shortbow.
The centaur shoots an arrow.
The arrow hits you.
Found a stone staircase leading up.
The centaur shoots an arrow.
The arrow hits you!
You hear a shout!
You hear a shout!
The centaur shoots an arrow.
The arrow closely misses you.
The centaur shoots an arrow.
The arrow hits you!
You start resting.
A centaur is nearby!
Aiming: Charm
Press: ? - help, Shift-Dir - straight line, f - centaur
Aim: a centaur (chance to affect: 59%)
The centaur resists with significant effort.
The centaur wields a +0 shortbow.
The centaur shoots an arrow.
The arrow hits you!
* * * LOW HITPOINT WARNING * * *
Aiming: Charm
Press: ? - help, Shift-Dir - straight line, p - centaur
Okay, then.
Okay, then.
Aiming: Charm
Press: ? - help, Shift-Dir - straight line, f/p - centaur
Aim: a centaur, wielding a +0 shortbow (chance to affect: 59%)
The centaur resists with significant effort.
The centaur shoots an arrow.
The arrow hits you!
You die...

#. P_PP.#..........##
....PP...............#
..... PP.....!......#
.....###c.[......#..#
.................#.##
....................#
#...................#
#.................###
....<..@.......#<##
##....##..<....###
#... #.......# #..
##.#...... #.
..##...... #
...##.##.# ...# ## ..


You could see a centaur.

Vanquished Creatures
  3 scorpions (D:5)
  An iguana (D:5)
  A white imp (D:5)
  A worm (D:2)
  An orc (D:3)
  6 ball pythons
  A bat (D:1)
  2 endoplasms (D:1)
  A goblin (D:1)
  4 hobgoblins
  A quokka (D:5)
  3 frilled lizards (D:1)
  2 kobolds
  2 rats (D:1)
29 creatures vanquished.

Vanquished Creatures (others)
  A quokka (D:1)
1 creature vanquished.

Grand Total: 30 creatures vanquished

Notes
Turn   | Place    | Note
-------+----------+-------------------------------------------
     0 | D:1      | M4edhros the Octopode Artificer began the quest for the
                  | Orb.
     0 | D:1      | Reached XP level 1. HP: 13/13 MP: 1/1
   108 | D:1      | Reached XP level 2. HP: 7/18 MP: 2/2
   350 | D:1      | Reached skill level 1 in Unarmed Combat
   497 | D:3      | Found a shadowy altar of Dithmenos.
   510 | D:3      | Reached XP level 3. HP: 23/23 MP: 3/3
   723 | D:5      | Entered Level 5 of the Dungeon
   753 | D:5      | Noticed a scorpion
   763 | D:5      | Killed a scorpion
   764 | D:5      | Reached XP level 4. HP: 9/29 MP: 4/4
   794 | D:5      | Noticed a scorpion
   827 | D:5      | Reached XP level 5. HP: 14/34 MP: 5/5
   934 | D:5      | Reached skill level 4 in Evocations
  1075 | D:5      | Reached XP level 6. HP: 37/40 MP: 6/6
  1093 | D:6      | Found a blossoming altar of Fedhas.
  1099 | D:6      | HP: 1/40 [centaur/arrow (13)]
  1101 | D:6      | Shot with an arrow by a centaur

Illustrated notes

Levels and vault maps discovered:
D:1:      heliophobic_arrival_enchanted_forest, layout_loops_ring,
          hangedman_decor_diamond_cutter, serial_park_tiny_1
D:2:      layout_basic, nicolae_ecumenical_snake_handling, uniq_terence,
          uniq_jessica
D:3:      layout_rooms, nicolae_tso_besieged_by_evil,
          nicolae_dithmenos_through_a_glass_darkly, general_overflow_altar
D:4:      layout_basic, makhleb_blood_cavern_becter,
          minmay_temple_entry_junction_2, kennysheep_generic_room_7,
          uniq_crazy_yiuf_cottage, uniq_natasha, uniq_sigmund
D:5:      layout_loops_ring, grunt_gozag_breadcrumbs, minmay_splitting_lines
D:6:      layout_cave_pools, nemelex_dance_club_becter,
          fedhas_bush_and_centaur_altar, due_unseen_surprise

Skill      XL: |  1  2  3  4  5 |
---------------+----------------+-----
Unarmed Combat | 1 2 3 |  3.1
Stealth        | 2 3 |  3.5
Fighting       | 2 |  2.3
Dodging        | 3 |  3.2
Evocations     | 4 |  4.1

Action                   |  1- 3 |  4- 6 || total
-------------------------+-------+-------++-------
Melee: Unarmed           |    53 |    20 ||    73
       Tentacles         |    16 |     5 ||    21
       Constrict         |    15 |     4 ||    19
       Punch             |     2 |       ||     2
Evoke: Wand              |     7 |     2 ||     9
 Stab: Sleeping          |     6 |     1 ||     7
Armor: Skin              |     4 |     1 ||     5
Dodge: Dodged            |    32 |    15 ||    47

Table legend: (Time is in decaauts)
 A = Elapsed time spent in this place.
 B = Non-inter-level travel time spent in this place.
 C = Inter-level travel time spent in this place.
 D = Time resting spent in this place.
 E = Time spent auto-exploring this place.
 F = Levels seen in this place.
 G = Mean time per level.
                   A        B        C        D        E       F      G
               +--------+--------+--------+--------+--------+-----+--------+
         Total |   1098 |   1080 |     18 |    167 |    669 |   6 |  183.0 |
       Dungeon |   1098 |   1080 |     18 |    167 |    669 |   6 |  183.0 |
               +--------+--------+--------+--------+--------+-----+--------+

Top non-repeatable levels by time:
     D:1: 409 daAuts
     D:5: 358 daAuts
     D:4: 169 daAuts
     D:2: 85 daAuts
     D:3: 56 daAuts
     D:6: 18 daAuts
